 Dungeon Crawl Stone Soup version 0.20-a0-1017-gc3250ce (webtiles) character file.

76762 4thArraOfDagon the Martial Artist (level 15, -13/146 HPs)
             Began as a Gnoll Monk on Apr 16, 2017.
             Was the Champion of Cheibriados.
             Mangled by Cigotuvi's Monster (30 damage)
             ... in a wizard's laboratory.
             The game lasted 00:52:22 (8455 turns).

4thArraOfDagon the Martial Artist (Gnoll Monk)      Turns: 8455, Time: 00:52:23

Health: -13/146    AC: 28    Str: 27    XL:     15   Next: 54%
Magic:  22/26      EV: 22    Int: 35    God:    Cheibriados [******]
Gold:   1466       SH: 15    Dex: 36    Spells: 23/34 levels left

rFire    + . .     SeeInvis .     - Unarmed
rCold    . . .     Gourm    .   R - +0 shield {rN+}
rNeg     + + .     Faith    .   (armour currently unavailable)
rPois    ∞         Spirit   .   (helmet restricted)
rElec    +         Reflect  .   f - scarf of the Wary Runes {Dex+3}
rCorr    .         Harm     +   (gloves currently unavailable)
MR       .....                  (boots currently unavailable)
Stlth    +++++.....             U - amulet "Lewn" {Harm *Drain MP-9 Str+2 Slay+2}
Regen    0.4/turn               S - ring of magical power
MPRegen  0.2/turn               F - +4 ring of intelligence

@: statue-form, constricted, very slow
A: short attention span, fangs 1, horns 1, deterioration 1, fire resistance 1,
low mp 1, screaming 2, strong nose
a: End Transformation, Bend Time, Temporal Distortion, Slouch, Step From Time,
Renounce Religion


You were in a wizard's laboratory.
You worshipped Cheibriados.
Cheibriados was exalted by your worship.
You were very full.
You were a stone statue.
You visited 3 branches of the dungeon, and saw 20 of its levels.
You visited the Abyss 1 time.
You also visited: Labyrinth and Wizlab.

You collected 1674 gold pieces.
You spent 208 gold pieces at shops.

Inventory:

Hand Weapons
 t - the +9 shortbow "Suasabau" {venom, rPois Str+2}
   (You found it in a labyrinth)

   It poisons the ammo it fires.
   It affects your strength (+2).
   It protects you from poison.
Armour
 c - a +2 pair of gloves (melded)
 f - the scarf of the Wary Runes (worn) {Dex+3}
   (You acquired it on level 11 of the Dungeon)

   It affects your dexterity (+3).
 k - a +0 shield
 p - a +0 troll leather armour (melded)
 y - the +8 shadow dragon scales of the Scribe {Str+7 Stlth++++}
   (You took it off a minotaur in a labyrinth)

   It affects your strength (+7).
   It makes you much more stealthy.
 G - a +1 robe of magic resistance
 R - a +0 shield of positive energy (worn)
Jewellery
 a - an uncursed ring of ice
 l - a +2 ring of evasion
 u - an uncursed amulet of the gourmand
 w - an uncursed ring of protection from cold
 F - a +4 ring of intelligence (right hand)
 H - an uncursed ring of protection from cold
 I - an uncursed ring of protection from fire
 J - an uncursed ring of protection from fire
 S - a ring of magical power (left hand)
 U - the amulet "Lewn" (around neck) {Harm *Drain MP-9 Str+2 Slay+2}
   (You found it on level 14 of the Dungeon)

   [amulet of harm]

   It increases damage dealt and taken.
   It affects your strength (+2).
   It affects your accuracy and damage with ranged weapons and melee attacks
   (+2).
   It affects your magic capacity (-9).
   It causes draining when unequipped.
Wands
 s - a wand of polymorph (10/24)
 B - a wand of digging (6/24)
 D - a wand of clouds (8/9)
 E - a wand of iceblast (8/15)
 K - a wand of confusion (8/48)
 L - a wand of acid (2/15)
 M - a wand of digging (11/24)
 N - a wand of paralysis (13/24)
Scrolls
 e - 3 scrolls of remove curse
 m - 2 scrolls of enchant armour
 n - 2 scrolls of noise
 o - 6 scrolls of teleportation
 v - a scroll of recharging
 O - a scroll of immolation
 T - 2 scrolls of fear
 V - 4 scrolls of identify
 X - 6 scrolls of summoning {unknown}
Potions
 d - a potion of agility
 h - 2 potions of lignification
 i - a potion of flight
 q - a potion of curing
 r - 2 potions of might
 x - 3 potions of mutation
 z - a potion of ambrosia
 A - a potion of berserk rage
 Q - 3 potions of brilliance
 W - a potion of degeneration {unknown}
Miscellaneous
 P - a phial of floods
Comestibles
 b - 13 bread rations
 g - 3 fruits
 j - 9 meat rations
 C - a royal jelly


   Skills:
 + Level 9.0 Fighting
 + Level 10.4 Dodging
 + Level 6.8 Stealth
 - Level 11.1 Shields
 * Level 11.6 Unarmed Combat
 - Level 10.2 Spellcasting
 - Level 3.1 Charms
 - Level 2.7 Necromancy
 - Level 10.0 Transmutations
 - Level 10.0 Earth Magic
 + Level 9.9 Invocations


You had 23 spell levels left.
You knew the following spells:

 Your Spells              Type           Power        Failure   Level  Hunger
a - Statue Form           Tmut/Erth      ######...    12%         6    ####...
b - Regeneration          Chrm/Necr      #####.....   4%          3    None
c - Sublimation of Blood  Necr           #####.....   1%          2    None


Dungeon Overview and Level Annotations

Branches:
Dungeon (15/15)            Temple (0/1) D:4            Lair (0/6) D:9
    Orc (2/2) D:9             Elf (3/3) Orc:2        Vaults (0/5) D:14
 Depths (0/5) D:15

Altars:
Cheibriados
Dithmenos
Elyvilon
Hepliaklqana
Nemelex Xobeh
Ru
Uskayaw
Vehumet
Wu Jian
Xom
Beogh

Shops:
D:8 %   D:10 %   D:14 %   Orc:2 [(:?

Annotations:
D:10 bworf's ghost, novice HOBe
D:12 Sonja


Innate Abilities, Weirdness & Mutations

You have a short attention span.
You have very sharp teeth.
Your uncanny sense of smell can sniff out nearby items.
You have a pair of small horns on your head.
((You are partially covered in molten scales. (AC +2)))
Your body sometimes deteriorates upon taking damage.
Your flesh is heat resistant. (rF+)
Your magical capacity is low. (-10% MP)
You sometimes yell uncontrollably at your foes.


Message History

You block Cigotuvi's Monster's attack. Cigotuvi's Monster constricts you!!
Unknown command.
You hit Cigotuvi's Monster but do no damage.
You headbutt Cigotuvi's Monster. You bite Cigotuvi's Monster!
Cigotuvi's Monster is moderately wounded.
Cigotuvi's Monster hits you. Cigotuvi's Monster misses you.
Cigotuvi's Monster stings you but does no damage.
Cigotuvi's Monster constricts you!!
Unknown command.
You pummel Cigotuvi's Monster!! You headbutt Cigotuvi's Monster.
Cigotuvi's Monster is heavily wounded.
You block Cigotuvi's Monster's attack.
Cigotuvi's Monster tramples you but does no damage.
Cigotuvi's Monster stings you.
* * * LOW HITPOINT WARNING * * *
Cigotuvi's Monster constricts you! Cigotuvi's Monster hits you!
* * * LOW HITPOINT WARNING * * *
Cigotuvi's Monster tramples you but does no damage.
Cigotuvi's Monster stings you but does no damage.
You die...

####.........#....e#.†.##
######...####....p#...#u
##.#####'## ###..#...#x
#..|.#...# ####.#...#.
#....'...## #..####'###
#....##...# ....##...#p
##..####..# §§§.u#...#o
#### #..# §uu..#...#.
#8.# .§§§##...#. ##H#
#.§####'### ..X...Xu.#
.######...## ..Hu...X.#
.....e#...#u ..X......#
...o.u#...#. ..........
#.....#...#.
....#.....###...###'###
:::####.### #### #∩# ###
### ###


You could see a green very ugly thing, Cigotuvi's Monster and a large
abomination.

Vanquished Creatures
  4 deep elf sorcerers
  An orc warlord (Orc:2)
  A stone giant (Orc:2)
  A very ugly thing (WizLab)
  2 deep elf annihilators (Elf:2)
  A deep elf death mage (Elf:2)
  A minotaur (Lab)
  The ghost of Ratty the Cleaver, a journeyman MiBe of Trog (D:12)
  2 ice dragons (D:15)
  2 hydras (D:15)
  4 dancing weapons
  2 centaur warriors (D:14)
  5 two-headed ogres
  3 tengu warriors
  2 thrashing horrors (Abyss:2)
  2 orc high priests
  An iron golem (WizLab)
  A fire crab (shapeshifter) (D:14)
  An unseen horror (Abyss:2)
  A deep troll (D:14)
  4 deep elf knights
  An unseen horror (shapeshifter) (WizLab)
  5 starcursed masses (Abyss:2)
  A shadow demon (Abyss:2)
  7 deep elf archers
  8 orc knights
  12 deep elf magi
  5 large abominations
  15 ugly things
  6 orc sorcerers
  A salamander (shapeshifter) (D:14)
  2 manticores
  6 cyclopes
  5 gargoyles
  3 kobold demonologists (D:15)
  A komodo dragon (D:14)
  6 trolls
  3 hippogriffs
  A raiju (shapeshifter) (D:13)
  3 wraiths
  An air elemental (Elf:2)
  A spriggan (shapeshifter) (WizLab)
  A wyvern (D:13)
  A yak (D:8)
  3 hogs (D:8)
  A water elemental (Elf:3)
  A human (shapeshifter) (WizLab)
  A human (D:8)
  3 hungry ghosts
  12 vampire mosquitoes
  2 soldier ants
  2 wargs
  Edmund (D:5)
  A water moccasin (D:13)
  36 orc warriors
  A hornet zombie (D:10)
  An ice beast (D:8)
  6 necrophages
  4 sky beasts
  A phantom (D:9)
  An eye of draining (D:12)
  2 black bears
  6 ogres
  10 centaurs
  A crocodile (D:11)
  2 big kobolds
  5 bullfrogs
  A gnoll sergeant (D:7)
  2 troll zombies (D:9)
  6 small abominations (WizLab)
  6 scorpions
  6 killer bees (D:12)
  4 howler monkeys
  11 wights
  3 crimson imps
  A lava snake (D:14)
  11 hounds
  3 centaur zombies
  A quasit (D:8)
  Crazy Yiuf (D:5)
  2 bullfrog zombies
  2 jellies
  A gnoll shaman (Orc:2)
  18 orc priests
  2 bullfrog skeletons
  A centaur skeleton (D:8)
  An iron imp (Abyss:2)
  2 iguanas
  15 orc wizards
  8 worker ants
  4 ogre zombies (D:9)
  A hound zombie (D:7)
  A hound skeleton (D:4)
  2 mummies (D:7)
  A worker ant zombie (D:7)
  6 gnolls
  8 adders
  A howler monkey skeleton (D:5)
  4 shadow imps
  An ufetubus (Abyss:2)
  An adder zombie (D:7)
  A worm (D:6)
  A dart slug (D:4)
  2 leopard geckos
  92 orcs
  5 bats
  4 giant cockroaches
  5 goblins
  5 hobgoblins
  6 jackals
  4 quokkas
  A ball python (D:2)
  2 goblin skeletons (D:9)
  2 goblin zombies (D:9)
  A hobgoblin skeleton (D:9)
  3 hobgoblin zombies (D:9)
  A jackal skeleton (D:4)
  18 kobolds
  A leopard gecko skeleton (D:5)
  A leopard gecko zombie (D:6)
  An orc skeleton (D:9)
  8 orc zombies (D:9)
  2 rats
  2 fungi (D:5)
546 creatures vanquished.

Vanquished Creatures (others)
  An orc (Orc:2)
1 creature vanquished.

Grand Total: 547 creatures vanquished

Notes
Turn   | Place    | Note
-------+----------+-------------------------------------------
     0 | D:1      | 4thArraOfDagon the Gnoll Monk began the quest for the Orb.
     0 | D:1      | Reached XP level 1. HP: 22/22 MP: 1/1
    74 | D:2      | Reached skill level 1 in Unarmed Combat
   222 | D:3      | Noticed an orc priest
   241 | D:3      | Noticed an orc wizard
   275 | D:4      | Noticed an orc wizard
   337 | D:5      | Entered Level 5 of the Dungeon
   343 | D:5      | Noticed a hound
   365 | D:5      | Noticed a hound
   371 | D:5      | Killed a hound
   371 | D:5      | Reached XP level 2. HP: 8/28 MP: 2/2
   371 | D:5      | Reached XP level 3. HP: 10/34 MP: 3/3
   382 | D:5      | Reached XP level 4. HP: 2/40 MP: 4/4
   416 | D:5      | Noticed a sky beast
   470 | D:4      | Found a hide-covered altar of Uskayaw.
   470 | D:4      | Found a sparkling altar of Nemelex Xobeh.
   470 | D:4      | Found a white marble altar of Elyvilon.
   470 | D:4      | Found a snail-covered altar of Cheibriados.
   473 | D:4      | Found a hazy altar of Hepliaklqana.
   479 | D:4      | Became a worshipper of Cheibriados the Contemplative
   479 | D:4      | Reached * piety under Cheibriados
   479 | D:4      | Reached ** piety under Cheibriados
   550 | D:5      | Reached skill level 1 in Invocations
   580 | D:5      | Reached skill level 5 in Unarmed Combat
   580 | D:5      | Reached XP level 5. HP: 29/46 MP: 4/6
   948 | D:2      | Found an ornate altar of the Wu Jian Council.
   989 | D:2      | Reached XP level 6. HP: 44/52 MP: 7/7
  1023 | D:2      | Reached *** piety under Cheibriados
  1486 | D:4      | Found a staircase to the Ecumenical Temple.
  1528 | D:5      | Noticed Edmund
  1559 | D:5      | Killed Edmund
  1559 | D:5      | Reached XP level 7. HP: 49/58 MP: 6/10
  1574 | D:5      | Reached **** piety under Cheibriados
  1633 | D:5      | Gained mutation: You have a pair of small horns on your head. [mutagenic meat]
  1634 | D:5      | Gained mutation: Your body sometimes deteriorates upon taking damage. [mutagenic meat]
  1635 | D:5      | Gained mutation: Your magical capacity is low. (-10% MP) [mutagenic meat]
  1636 | D:5      | Gained mutation: You occasionally shout uncontrollably at your foes. [mutagenic meat]
  1680 | D:5      | Found a runed door.
  1684 | D:5      | Noticed Crazy Yiuf
  1689 | D:5      | Killed Crazy Yiuf
  1782 | D:6      | Reached skill level 5 in Invocations
  1877 | D:6      | Reached XP level 8. HP: 35/64 MP: 10/10
  1975 | D:6      | Gained mutation: Your flesh is heat resistant. (rF+) [mutagenic meat]
  1976 | D:6      | Gained mutation: You are partially covered in molten scales. (AC +2) [mutagenic meat]
  1977 | D:6      | Gained mutation: You sometimes yell uncontrollably at your foes. [mutagenic meat]
  2281 | D:7      | Reached ***** piety under Cheibriados
  2292 | D:7      | Found a sacrificial altar of Ru.
  2292 | D:7      | Found a radiant altar of Vehumet.
  2318 | D:7      | Found a shimmering altar of Xom.
  2476 | D:7      | Reached XP level 9. HP: 69/69 MP: 12/12
  2628 | D:8      | Noticed a two-headed ogre
  2682 | D:8      | Found Eshrolow's Food Emporium.
  2685 | D:8      | Found a shadowy altar of Dithmenos.
  2696 | D:8      | Reached skill level 10 in Unarmed Combat
  2887 | D:8      | Reached XP level 10. HP: 66/76 MP: 14/14
  3062 | D:9      | Reached ****** piety under Cheibriados
  3108 | D:9      | Found a staircase to the Orcish Mines.
  3182 | D:9      | Found a staircase to the Lair.
  3202 | D:9      | Learned a level 6 spell: Statue Form
  3249 | D:10     | Entered Level 10 of the Dungeon
  3254 | D:10     | Noticed bworf's ghost (novice HOBe)
  3278 | D:9      | Reached skill level 1 in Earth Magic
  3355 | D:10     | Reached skill level 1 in Transmutations
  3395 | D:10     | Reached skill level 1 in Spellcasting
  3521 | D:10     | Found Lyvuh's Food Emporium.
  3743 | D:11     | Reached skill level 5 in Earth Magic
  3747 | D:11     | Reached skill level 5 in Transmutations
  3789 | D:11     | Identified a scroll of acquirement
  3790 | D:11     | Got a scorched scarf
  3801 | D:11     | Identified the scarf of the Wary Runes {Dex+3} (You acquired it on level 11 of the Dungeon)
  3824 | D:11     | Found a labyrinth entrance.
  3858 | Lab      | Entered a labyrinth
  3935 | Lab      | Noticed a gargoyle
  3941 | Lab      | Killed a gargoyle
  3942 | Lab      | Noticed a gargoyle
  3955 | Lab      | Killed a gargoyle
  3955 | Lab      | Reached XP level 11. HP: 34/81 MP: 15/15
  4090 | Lab      | Got a translucent shortbow
  4117 | Lab      | Identified the +9 shortbow "Suasabau" {venom, rPois Str+2} (You found it in a labyrinth)
  4431 | Lab      | Noticed a minotaur
  4440 | Lab      | Killed a minotaur
  4440 | Lab      | Reached skill level 5 in Spellcasting
  4447 | Lab      | Got smelly shadow dragon scales
  4460 | Lab      | Learned a level 3 spell: Regeneration
  4463 | Lab      | Learned a level 2 spell: Sublimation of Blood
  4479 | Lab      | Identified the +8 shadow dragon scales of the Scribe {Str+7 Stlth++++} (You took it off a minotaur in a labyrinth)
  4657 | D:11     | Noticed a red ugly thing
  4661 | D:11     | Reached skill level 1 in Charms
  4669 | D:11     | Killed a red ugly thing
  4669 | D:11     | Reached skill level 1 in Necromancy
  4774 | D:11     | Noticed a purple ugly thing
  4784 | D:11     | Killed a purple ugly thing
  4980 | D:13     | Noticed a red ugly thing
  5000 | D:13     | Killed a red ugly thing
  5092 | D:13     | Noticed a harpy
  5100 | D:13     | a harpy changed into a raiju
  5138 | D:13     | Noticed a cyclops
  5140 | D:13     | Noticed a brown ugly thing
  5145 | D:13     | Killed a cyclops
  5155 | D:13     | Killed a brown ugly thing
  5231 | D:12     | Noticed Ratty's ghost (journeyman MiBe)
  5320 | D:14     | Noticed a tengu warrior
  5321 | D:14     | Noticed a cyclops
  5325 | D:14     | Reached XP level 12. HP: 88/88 MP: 20/20
  5326 | D:14     | Noticed a tengu warrior
  5335 | D:14     | Killed a tengu warrior
  5338 | D:14     | Killed a tengu warrior
  5343 | D:14     | Noticed a centaur warrior
  5353 | D:14     | Killed a centaur warrior
  5420 | D:14     | Found Leck's Food Boutique.
  5511 | D:14     | Noticed a centaur warrior
  5517 | D:14     | Killed a centaur warrior
  5555 | D:14     | Found a gate to the Vaults.
  5709 | D:14     | Got a crude sapphire amulet
  5712 | D:14     | Identified the amulet "Lewn" {Harm *Drain MP-9 Str+2 Slay+2} (You found it on level 14 of the Dungeon)
  5778 | D:15     | Entered Level 15 of the Dungeon
  5814 | D:15     | Reached skill level 1 in Shields
  5830 | D:15     | Noticed a two-headed ogre
  5842 | D:15     | Killed a two-headed ogre
  5842 | D:15     | Reached skill level 10 in Transmutations
  5851 | D:15     | Reached skill level 10 in Earth Magic
  5884 | D:15     | Reached skill level 5 in Shields
  5884 | D:15     | Reached XP level 13. HP: 50/93 MP: 3/23
  6051 | D:15     | Reached skill level 10 in Spellcasting
  6076 | D:15     | Noticed an ice dragon
  6078 | D:15     | Noticed an ice dragon
  6082 | D:15     | Killed an ice dragon
  6085 | D:15     | Killed an ice dragon
  6094 | D:15     | Found a staircase to the Depths.
  6355 | D:12     | Killed Ratty's ghost
  6427 | D:12     | Noticed Sonja
  6607 | Orc:1    | Entered Level 1 of the Orcish Mines
  6610 | Orc:1    | Paralysed by an orc sorcerer for 6 turns
  6729 | Orc:2    | Entered Level 2 of the Orcish Mines
  6737 | Orc:2    | Reached skill level 10 in Shields
  6804 | Orc:2    | Found a staircase to the Elven Halls.
  6867 | Orc:2    | Found a roughly hewn altar of Beogh.
  6870 | Orc:2    | Found Cule's Magic Scroll Emporium.
  6881 | Orc:2    | Bought a scroll of identify for 32 gold pieces
  6881 | Orc:2    | Bought a scroll of identify for 32 gold pieces
  6881 | Orc:2    | Bought a scroll of identify for 32 gold pieces
  6881 | Orc:2    | Bought a scroll of identify for 32 gold pieces
  6881 | Orc:2    | Bought a scroll of identify for 32 gold pieces
  6881 | Orc:2    | Bought a scroll of teleportation for 48 gold pieces
  6915 | Orc:2    | Found a roughly hewn altar of Beogh.
  6965 | Orc:2    | Noticed a stone giant
  6971 | Orc:2    | Killed a stone giant
  6971 | Orc:2    | Reached XP level 14. HP: 83/100 MP: 9/25
  6996 | Orc:2    | Found a roughly hewn altar of Beogh.
  7008 | Orc:2    | Found Nigemnasm's Book Boutique.
  7068 | Orc:2    | Paralysed by an orc sorcerer for 4 turns
  7138 | Orc:2    | Paralysed by an orc sorcerer for 3 turns
  7139 | Orc:2    | Noticed an orc warlord
  7141 | Orc:2    | Paralysed by an orc sorcerer for 3 turns
  7145 | Orc:2    | Killed an orc warlord
  7216 | Orc:2    | Found Naixtun's Antique Armour Emporium.
  7216 | Orc:2    | Found a roughly hewn altar of Beogh.
  7218 | Orc:2    | Found Cukecuv's Antique Weapon Shoppe.
  7460 | Elf:1    | Entered Level 1 of the Elven Halls
  7467 | Elf:1    | Noticed a deep elf sorcerer
  7475 | Elf:1    | Killed a deep elf sorcerer
  7510 | Elf:1    | Noticed a deep elf sorcerer
  7510 | Elf:1    | Cast into level 2 of the Abyss (a deep elf sorcerer)
  7560 | Abyss:2  | Found a corrupted altar of Lugonu.
  7680 | Abyss:2  | Noticed a starcursed mass
  7682 | Abyss:2  | Reached skill level 10 in Dodging
  7714 | Abyss:2  | Noticed a lich
  7757 | Elf:1    | Escaped the Abyss
  7760 | Elf:1    | Killed a deep elf sorcerer
  7884 | Elf:1    | Reached XP level 15. HP: 110/110 MP: 19/26
  7921 | Elf:2    | Noticed a deep elf sorcerer
  7929 | Elf:2    | Noticed a deep elf sorcerer
  7936 | Elf:2    | Killed a deep elf sorcerer
  7964 | Elf:2    | Killed a deep elf sorcerer
  8009 | Elf:3    | Entered Level 3 of the Elven Halls
  8259 | Elf:3    | Found a magical portal.
  8268 | WizLab   | Entered Cigotuvi's Fleshworks
  8446 | WizLab   | Noticed Cigotuvi's Monster
  8455 | WizLab   | Mangled by Cigotuvi's Monster

Vault maps used:
D:1:      saegor_arrival_fortress, st_stairs_1, hex_intersection
D:2:      overflow_temple_1_default, minivault_5
D:3:      tgw_xom
D:4:      nicolae_overflow_hidden_temple, minmay_temple_entry_hall,
          serial_glass, glass_columns_a, glass_columns_a,
          minmay_strange_pillars, due_unseen_surprise, item_on_display_a
D:5:      first_bread, minmay_door_square, item_on_display_a, uniq_edmund,
          uniq_crazy_yiuf_cottage, uniq_sigmund
D:6:      zin_purify, lemuel_coloured_pillars_altar
D:7:      demons_altar, grunt_temple_overflow_open, serial_undead,
          serial_undead_a, serial_undead_a, serial_undead_c, serial_undead_b,
          serial_undead_e, serial_undead_c, serial_undead_d, serial_undead_d,
          serial_undead_c, serial_undead_a
D:8:      serial_shops, kennysheep_mini_moat, basic_altar, grunt_livestock
D:9:      lair_entry_dummy, zombieorc1_lemuel
D:10:     serial_shops, shop
D:11:     lab_entry_generic
D:12:     uniq_sonja
D:14:     kennysheep_cluttered_fort, david_vaults_4, serial_shops, shop,
          nicolae_shop_crystal
D:15:     grunt_enter_depths_hoard, portal_ice_cave_entry_pillars_1,
          hangedman_abyss_or_decor_lesser_grid
Orc:2:    grunt_orc_community_town_hall, grunt_orc_community_big_house_2,
          grunt_orc_community_big_house_2, grunt_orc_community_house_2,
          grunt_orc_community_house_3, grunt_orc_community_house_2,
          grunt_orc_community_house_1, grunt_orc_community_house_1,
          minmay_orc_temple_c
Elf:1:    hangedman_corner_corridor
Elf:3:    elf_hall_gauntlet_narrow, mu_enter_wizlab_5
Abyss:2:  hangedman_shadowy_showcase
Lab:      labyrinth_spiral, labyrinth_glass_1, nicolae_lab_swirl,
          nicolae_lab_stuck, nicolae_lab_statue
WizLab:   wizlab_cigotuvi

Skill      XL: |  1  2  3  4  5  6  7  8  9 10 11 12 13 14 15 |
---------------+----------------------------------------------+-----
Unarmed Combat | 3 4 5 6 7 8 9 10 11 | 11.6
Fighting       | 6 8 9 |  9.0
Dodging        | 6 7 8 9 10 | 10.4
Invocations    | 1 2 4 5 7 8 9 |  9.9
Earth Magic    | 6 9 10 | 10.0
Transmutations | 6 9 10 | 10.0
Spellcasting   | 4 7 9 10 | 10.2
Charms         | 3 |  3.1
Necromancy     | 2 |  2.7
Shields        | 5 10 11 | 11.1
Stealth        | 6 |  6.8

Action                   |  1- 3 |  4- 6 |  7- 9 | 10-12 | 13-15 || total
-------------------------+-------+-------+-------+-------+-------++-------
Melee: Unarmed           |    45 |   173 |   257 |   465 |   414 ||  1354
       Bite              |     6 |    14 |    60 |   101 |    61 ||   242
       Punch             |       |     9 |    18 |    46 |     6 ||    79
       Headbutt          |       |       |    88 |   197 |   116 ||   401
 Cast: Statue Form       |       |       |       |     5 |    32 ||    37
       Regeneration      |       |       |       |     1 |     1 ||     2
Invok: Bend Time         |       |     1 |       |       |       ||     1
       Slouch            |       |       |       |     4 |     5 ||     9
       Temporal Distorti |       |       |       |     2 |     1 ||     3
       Step From Time    |       |       |       |       |     1 ||     1
 Abil: End Transformatio |       |       |       |       |     1 ||     1
Evoke: Wand              |       |       |     1 |     4 |     2 ||     7
  Use: Scroll            |     3 |     2 |     3 |    16 |     8 ||    32
       Potion            |     3 |     1 |       |       |     3 ||     7
 Stab: Sleeping          |     1 |     6 |     4 |    11 |     7 ||    29
       Distracted        |       |       |     1 |     1 |     3 ||     5
  Eat: Chunk             |       |       |    12 |    12 |     5 ||    29
       Royal jelly       |       |       |       |     1 |     4 ||     5
       Fruit             |       |       |       |       |     7 ||     7
Armor: Robe              |     6 |    20 |       |       |       ||    26
       Skin              |       |     3 |       |    46 |   160 ||   209
       Ring mail         |       |    22 |    50 |    41 |       ||   113
       Shadow dragon sca |       |       |       |    40 |       ||    40
       Troll leather arm |       |       |       |     3 |     3 ||     6
Dodge: Dodged            |    36 |   142 |   201 |   525 |   517 ||  1421
Block: Shield            |       |       |       |       |   355 ||   355
